 Dungeon Crawl Stone Soup version 0.29-a0-575-g0dc89cf053 (webtiles) character file.

Game seed: 18054617044216748357

217 spaghetti the Grave Robber (level 5, -1/38 HPs)
             Began as a Gnoll Necromancer on June 12, 2022.
             Killed themself with a badly aimed iceblast (14 damage)
             ... on level 4 of the Dungeon.
             The game lasted 00:05:38 (2903 turns).

spaghetti the Grave Robber (Gnoll Necromancer)      Turns: 2903, Time: 00:05:38

Health: -1/38      AC:  2    Str:  8    XL:     5   Next: 94%
Magic:  0/12       EV: 13    Int: 16    God:
Gold:   126        SH:  0    Dex: 12    Spells: 10/14 levels left

rFire   + . .      SeeInvis .   k - staff of death {!astaff}
rCold   + . .      Faith    .   (no shield)
rNeg    + . .      Spirit   .   a - +0 robe
rPois   .          Reflect  .   (no helmet)
rElec   .          Harm     .   (no cloak)
rCorr   .          Rampage  .   (no gloves)
Will    ++...                   (no boots)
Stlth   +++.......              (no amulet)
HPRegen 0.12/turn               w - ring of Giskunops {Fly rC+ Will++}
MPRegen 0.13/turn               v - ring of protection from fire

@: lethally poisoned (-1 -> -5), flying
A: fangs 1, strong nose, distributed training
a: no special abilities


You were on level 4 of the Dungeon.
You visited 1 branch of the dungeon, and saw 4 of its levels.

You collected 126 gold pieces.


Innate Abilities, Weirdness & Mutations

You have very sharp teeth.
Your uncanny sense of smell can sniff out nearby items.
Your experience applies equally to all skills.


   Skills:
 + Level 1.7 Fighting
 + Level 1.7 Short Blades
 + Level 1.7 Long Blades
 + Level 1.7 Axes
 + Level 1.7 Maces & Flails
 + Level 1.7 Polearms
 + Level 1.7 Staves
 + Level 1.7 Slings
 + Level 1.7 Bows
 + Level 1.7 Crossbows
 + Level 1.7 Throwing
 + Level 1.7 Armour
 + Level 4.9 Dodging
 + Level 4.5 Stealth
 + Level 1.7 Shields
 + Level 1.7 Unarmed Combat
 + Level 5.2 Spellcasting
 + Level 1.3 Conjurations
 + Level 1.3 Hexes
 + Level 1.3 Summonings
 + Level 7.2 Necromancy
 + Level 1.3 Translocations
 + Level 1.3 Transmutations
 + Level 1.3 Fire Magic
 + Level 1.3 Ice Magic
 + Level 1.3 Air Magic
 + Level 1.3 Earth Magic
 + Level 1.3 Poison Magic
 + Level 1.9 Invocations
 + Level 1.7 Evocations


You had 10 spell levels left.
You knew the following spells:

 Your Spells              Type           Power      Damage    Failure   Level
a - Necrotize             Necr           100%       1d9       1%          1
b - Vampiric Draining     Necr           41%        2d8       2%          3

Your spell library contained the following spells:

 Spells                   Type           Power      Damage    Failure   Level
 Animate Dead             Necr           41%        N/A       8%          4
 Agony                    Necr           41%        N/A       22%         5

Inventory:

Hand Weapons
 d - a +0 short sword {short}
   (You took it off a kobold on level 1 of the Dungeon)
 e - a +0 whip {mace}
   (You took it off a kobold on level 1 of the Dungeon)
 h - a +0 rapier {short}
   (You found it on level 1 of the Dungeon)
Missiles
 f - 106 stones {throwing}
 p - 4 boomerangs {throwing}
 x - 6 poisoned darts {throwing}
Armour
 a - a +0 robe (worn)
Magical Staves
 j - a staff of earth {!astaff}
   (You found it on level 1 of the Dungeon)
 k - a staff of death (weapon) {!astaff}
   (You found it on level 1 of the Dungeon)
 y - a staff of air {!astaff}
   (You found it on level 4 of the Dungeon)
Jewellery
 v - a ring of protection from fire (right hand)
   (You found it on level 3 of the Dungeon)
 w - the ring of Giskunops (left hand) {Fly rC+ Will++}
   (You found it on level 3 of the Dungeon)

   [ring of flight]

   rC:        It protects you from cold.
   Fly:       It grants you flight.
   Will:      It greatly increases your willpower.
Wands
 q - a wand of iceblast (7)
   (You found it on level 2 of the Dungeon)
Scrolls
 i - 2 scrolls of enchant armour {unknown}
 l - 4 scrolls of identify {unknown}
 n - 2 scrolls of enchant weapon {unknown}
 o - a scroll of brand weapon {unknown}
 r - a scroll of poison {unknown}
 s - 4 scrolls of magic mapping {unknown}
 t - a scroll of fog {unknown}
Potions
 b - 3 potions of magic
 c - a potion of berserk rage {unknown}
 g - a potion of heal wounds {unknown}
 m - 2 potions of ambrosia {unknown}
 u - 2 potions of resistance {unknown}
 z - a potion of curing {unknown}
 A - a potion of degeneration {unknown}

Dungeon Overview and Level Annotations

Branches:
Dungeon (4/15)
 Temple: D:4-7

Altars:
Zin

Shops:
D:3

* ## #.# ## # ..
.## #..#. . ..# #..
|#$ ..# #..#####.!#
####..#.#@.#### #.!
#.....##..##
....##...##....##
.....#...#......#
##..##.##..##..##
####[.#.#..####..#
#!.#..#.#..#..#..#
##.#..#.#..#.##..#
..#.#...#...#.#†.##


There were no monsters in sight!


Message History

Aim: a jelly (severely wounded, chance to affect: 88%)
You feel a surge of power!
The jelly writhes in agony!
You kill the jelly!
The scorpion completely misses you.
The scorpion barely misses you. 😎 HP[+1] MP[-1]
You now have 38 max hp (+1).
Your hp is fully restored (38).
You lost 1 mp, and now have 7/12 mp.
Casting: Necrotize (safe; 1% risk of failure)
Confirm with . or Enter, or press ? or * to list all spells.
Aiming: Necrotize (safe; 1% risk of failure)
Press: ? - help, Shift-Dir - straight line, f - scorpion
Aim: a scorpion (chance to affect: 83%)
You feel a surge of power!
The scorpion barely resists.
The scorpion barely misses you. 😎 MP[-1]
You lost 1 mp, and now have 6/12 mp.
Casting: Necrotize (safe; 1% risk of failure)
Confirm with . or Enter, or press ? or * to list all spells.
Aiming: Necrotize (safe; 1% risk of failure)
Press: ? - help, Shift-Dir - straight line, f/p - scorpion
Aim: a scorpion (chance to affect: 83%)
You feel a surge of power!
The scorpion barely resists.
The scorpion closely misses you. 😎 MP[-1]
You lost 1 mp, and now have 5/12 mp.
Casting: Necrotize (safe; 1% risk of failure)
Confirm with . or Enter, or press ? or * to list all spells.
Aiming: Necrotize (safe; 1% risk of failure)
Press: ? - help, Shift-Dir - straight line, f/p - scorpion
Aim: a scorpion (chance to affect: 83%)
You feel a surge of power!
The scorpion writhes in agony.
The scorpion barely misses you. 😎 MP[-1]
You lost 1 mp, and now have 4/12 mp.
Casting: Necrotize (safe; 1% risk of failure)
Confirm with . or Enter, or press ? or * to list all spells.
Aiming: Necrotize (safe; 1% risk of failure)
Press: ? - help, Shift-Dir - straight line, f/p - scorpion
Aim: a scorpion (moderately wounded, chance to affect: 83%)
You feel a surge of power!
The scorpion writhes in agony.
The scorpion stings you. 😕 HP[-5] MP[-1]
You take 5 damage, and now have 33/38 hp.
You lost 1 mp, and now have 3/12 mp.
Casting: Necrotize (safe; 1% risk of failure)
Confirm with . or Enter, or press ? or * to list all spells.
Aiming: Necrotize (safe; 1% risk of failure)
Press: ? - help, Shift-Dir - straight line, f/p - scorpion
Aim: a scorpion (severely wounded, chance to affect: 83%)
You feel a surge of power!
The scorpion barely resists.
The scorpion barely misses you. The scorpion stings you.
You are poisoned.
The scorpion poisons you! 😮 HP[-6] MP[-1]
You take 6 damage, and now have 27/38 hp.
You lost 1 mp, and now have 2/12 mp.
Casting: Necrotize (safe; 1% risk of failure)
Confirm with . or Enter, or press ? or * to list all spells.
Aiming: Necrotize (safe; 1% risk of failure)
Press: ? - help, Shift-Dir - straight line, f/p - scorpion
Aim: a scorpion (severely wounded, chance to affect: 83%)
You feel a surge of power!
The scorpion barely resists.
You feel sick. The scorpion stings you.
* * * LOW HITPOINT WARNING * * *
😨 HP[-8]
You take 8 damage, and now have 19/38 hp.
MASSIVE DAMAGE!! (PAUSE)
Casting: Necrotize (safe; 1% risk of failure)
Confirm with . or Enter, or press ? or * to list all spells.
Aiming: Necrotize (safe; 1% risk of failure)
Press: ? - help, Shift-Dir - straight line, f/p - scorpion
Aim: a scorpion (severely wounded, chance to affect: 83%)
You feel a surge of power!
The scorpion writhes in agony.
You feel sick. The scorpion stings you.
* * * LOW HITPOINT WARNING * * *
😨 HP[-6] MP[-1]
You take 6 damage, and now have 13/38 hp.
You lost 1 mp, and now have 1/12 mp.
Casting: Necrotize (safe; 1% risk of failure)
Confirm with . or Enter, or press ? or * to list all spells.
Aiming: Necrotize (safe; 1% risk of failure)
Press: ? - help, Shift-Dir - straight line, f/p - scorpion
Aim: a scorpion (almost dead, chance to affect: 83%)
You feel a surge of power!
The scorpion barely resists.
You feel sick.
The scorpion closely misses you. 😨 MP[-1]
You lost 1 mp, and now have 0/12 mp.
Casting: Necrotize (safe; 1% risk of failure)
Confirm with . or Enter, or press ? or * to list all spells.
You don't have enough magic to cast this spell.
Casting: Necrotize (safe; 1% risk of failure)
Confirm with . or Enter, or press ? or * to list all spells.
You don't have enough magic to cast this spell.
Aiming: Iceblast
Press: ? - help, Shift-Dir - straight line, p - scorpion That beam is likely to hit you.
Continue anyway?
The mass of ice explodes!
The iceblast engulfs the scorpion!
You kill the scorpion!
The iceblast engulfs you! You partially resist.
You die...

Skill      XL: |  1  2  3  4 |
---------------+-------------+-----
Spellcasting   | 5 |  5.2
Fighting       | 1 |  1.7
Short Blades   | 1 |  1.7
Long Blades    | 1 |  1.7
Axes           | 1 |  1.7
Maces & Flails | 1 |  1.7
Polearms       | 1 |  1.7
Staves         | 1 |  1.7
Slings         | 1 |  1.7
Bows           | 1 |  1.7
Crossbows      | 1 |  1.7
Throwing       | 1 |  1.7
Armour         | 1 |  1.7
Shields        | 1 |  1.7
Unarmed Combat | 1 |  1.7
Invocations    | 1 |  1.9
Evocations     | 1 |  1.7
Conjurations   | 1 |  1.3
Hexes          | 1 |  1.3
Summonings     | 1 |  1.3
Translocations | 1 |  1.3
Transmutations | 1 |  1.3
Fire Magic     | 1 |  1.3
Ice Magic      | 1 |  1.3
Air Magic      | 1 |  1.3
Earth Magic    | 1 |  1.3
Poison Magic   | 1 |  1.3
Dodging        | |  4.9
Stealth        | |  4.5
Necromancy     | |  7.2

Action                   |  1- 3 |  4- 6 || total
-------------------------+-------+-------++-------
Melee: Unarmed           |     6 |       ||     6
       Bite              |     1 |       ||     1
 Cast: Necrotize         |    37 |    84 ||   121
       Vampiric Draining |       |     1 ||     1
Evoke: Wand              |       |     1 ||     1
 Stab: Distracted        |     1 |       ||     1
Armor: Robe              |     2 |     5 ||     7
Dodge: Dodged            |    13 |    38 ||    51

Levels and vault maps discovered:
D:1:      minmay_arrival_glassed_features, layout_loops_ring, st_stairs_7,
          minmay_misc_feat_tiny
D:2:      layout_rooms, uniq_jessica
D:3:      layout_basic, zin_purify, hellmonk_ecumenical_altar_run_dry,
          hangedman_feature_mirror, minmay_diced_spiral
D:4:      layout_rooms, minmay_puff

Notes
Turn   | Place    | Note
-------+----------+-------------------------------------------
     0 | D:1      | spaghetti the Gnoll Necromancer began the quest for the
                  | Orb.
     0 | D:1      | Reached XP level 1. HP: 13/13 MP: 6/6
     0 | D:1      | magus.rc [v1.9.6]
   359 | D:1      | Reached XP level 2. HP: 19/19 MP: 5/7
  1047 | D:2      | Reached skill level 5 in Spellcasting
  1047 | D:2      | Reached XP level 3. HP: 25/25 MP: 5/9
  1266 | D:2      | Noticed Jessica
  1269 | D:2      | Killed Jessica
  1270 | D:2      | Reached skill level 1 in Fighting
  1270 | D:2      | Reached skill level 1 in Short Blades
  1270 | D:2      | Reached skill level 1 in Long Blades
  1270 | D:2      | Reached skill level 1 in Axes
  1270 | D:2      | Reached skill level 1 in Maces & Flails
  1270 | D:2      | Reached skill level 1 in Polearms
  1270 | D:2      | Reached skill level 1 in Staves
  1270 | D:2      | Reached skill level 1 in Slings
  1270 | D:2      | Reached skill level 1 in Bows
  1270 | D:2      | Reached skill level 1 in Crossbows
  1270 | D:2      | Reached skill level 1 in Throwing
  1270 | D:2      | Reached skill level 1 in Armour
  1270 | D:2      | Reached skill level 1 in Shields
  1270 | D:2      | Reached skill level 1 in Unarmed Combat
  1270 | D:2      | Reached skill level 1 in Invocations
  1270 | D:2      | Reached skill level 1 in Evocations
  1270 | D:2      | Reached XP level 4. HP: 32/32 MP: 8/11
  1475 | D:2      | Learned a level 3 spell: Vampiric Draining
  1823 | D:3      | Found Zin's Purification Station.
  1827 | D:3      | Found a glowing silver altar of Zin.
  2006 | D:3      | Reached skill level 1 in Conjurations
  2006 | D:3      | Reached skill level 1 in Hexes
  2006 | D:3      | Reached skill level 1 in Summonings
  2006 | D:3      | Reached skill level 1 in Translocations
  2006 | D:3      | Reached skill level 1 in Transmutations
  2006 | D:3      | Reached skill level 1 in Fire Magic
  2006 | D:3      | Reached skill level 1 in Ice Magic
  2006 | D:3      | Reached skill level 1 in Air Magic
  2006 | D:3      | Reached skill level 1 in Earth Magic
  2006 | D:3      | Reached skill level 1 in Poison Magic
  2037 | D:3      | Reached XP level 5. HP: 34/37 MP: 2/12
  2330 | D:3      | Identified the ring of Giskunops {Fly rC+ Will++}
  2635 | D:3      | Found a faded altar of an unknown god.
  2903 | D:4      | Killed themself with a badly aimed iceblast

Vanquished Creatures
  A scorpion (D:4)
  A jelly (D:4)
  Jessica (D:2)
  An iguana (D:4)
  3 gnolls (D:3)
  4 adders
  2 worms (D:2)
  A dart slug (D:3)
  2 orcs (D:3)
  3 endoplasms
  6 giant cockroaches
  2 goblins (D:2)
  7 hobgoblins
  7 ball pythons
  6 bats
  2 frilled lizards (D:3)
  10 kobolds
  7 rats
66 creatures vanquished.

Vanquished Creatures (collateral kills)
  A kobold (D:1)
  A quokka (D:3)
2 creatures vanquished.

Grand Total: 68 creatures vanquished

Table legend:
 A = Non-vault XP
 B = Vault XP
 C = Vault XP percentage of total XP
 D = Non-vault monster count
 E = Vault monster count
 F = Vault count percentage of total count
                 A         B        C        D         E       F
            +---------+---------+-------+---------+---------+-------
      Total |     199 |     198 |  49.9 |      56 |      12 |  17.6
            +---------+---------+-------+---------+---------+-------
        D:1 |      21 |       1 |   4.5 |      15 |       1 |   6.2
        D:2 |      53 |      37 |  41.1 |      14 |       1 |   6.7
        D:3 |      86 |      27 |  23.9 |      25 |       6 |  19.4
        D:4 |      39 |     133 |  77.3 |       2 |       4 |  66.7
            +---------+---------+-------+---------+---------+-------

Illustrated notes

Table legend:
 A = Kills in this place as a percentage of kills in entire the game.
 B = Kills by you in this place as a percentage of kills by you in the entire game.
 C = Kills by friends in this place as a percentage of kills by friends in the entire game.
 D = Other kills in this place as a percentage of other kills in the entire game.
 E = Experience gained in this place as a percentage of experience gained in the entire game.
 F = Experience gained in this place divided by the number of levels of this place that you have seen.
                   A       B       C       D       E      F
               +-------+-------+-------+-------+-------+----------------------
         Total | 100.0 | 100.0 | 100.0 |   N/A | 100.0 |  99.2
       Dungeon | 100.0 | 100.0 | 100.0 |   N/A | 100.0 |  99.2
               +-------+-------+-------+-------+-------+----------------------

Table legend: (Time is in decaauts)
 A = Elapsed time spent in this place.
 B = Non-inter-level travel time spent in this place.
 C = Inter-level travel time spent in this place.
 D = Time resting spent in this place.
 E = Time spent auto-exploring this place.
 F = Levels seen in this place.
 G = Mean time per level.
                   A        B        C        D        E       F      G
               +--------+--------+--------+--------+--------+-----+--------+
         Total |   2900 |   2836 |     64 |      0 |   2468 |   4 |  725.0 |
       Dungeon |   2900 |   2836 |     64 |      0 |   2468 |   4 |  725.0 |
               +--------+--------+--------+--------+--------+-----+--------+

Top non-repeatable levels by time:
     D:1: 948 daAuts
     D:3: 946 daAuts
     D:2: 841 daAuts
     D:4: 163 daAuts
